Map: Pillars of Gold LE

Players

Massa

  • Race: Terran Terran
  • League: Platinum
  • Spawn Location: 7:00

wichy - Winner!

  • Race: Zerg Zerg
  • League: Diamond
  • Spawn Location: 1:00

VOD

Have the link to the VOD?

Description

Time

  • Played on: Feb. 20, 2021, 12:01 p.m.
  • Length: 17:30
Show
View Real Time Build Order
Export as new Build Order

Massa Terran 

Build Orders: Hellion Banshee 

Get SALT Encoding   

  12  0:00  SCV  
  13  0:13  SCV  
  14  0:20  Supply Depot  
  14  0:25  SCV  
  15  0:42  SCV  
  16  0:45  Barracks  
  16  0:50  Refinery  
  16  0:54  SCV  
  17  0:57  Refinery  
  17  1:06  SCV  
  18  1:18  SCV  
  20  1:33  Orbital Command  
  20  1:36  Factory  
  19  1:40  Marine  
  20  1:59  SCV  
  21  2:12  Barracks Reactor  
  21  2:27  Hellion  
  23  2:31  Command Center  
  23  2:46  Starport  
  23  2:49  Supply Depot  
  23  2:56  Barracks Tech Lab  
  23  3:11  SCV, Hellion x2, Supply Depot  
  28  3:33  SCV, Hellion x2  
  33  3:38  Stimpack  
  33  3:42  Starport Tech Lab  
  33  3:54  Hellion x2  
  37  4:15  Hellion  
  37  4:16  Hellion  
  41  4:37  Hellion x2  
  31  4:54  Orbital Command  
  31  4:55  SCV  
  31  4:58  Hellion, Cloaking Field  
  31  4:59  Banshee, Hellion  
  39  5:05  Marine  
  40  5:08  SCV  
  40  5:14  Engineering Bay  
  41  5:20  SCV  
  41  5:21  SCV, Engineering Bay  
  43  5:27  Barracks  
  43  5:32  SCV, Supply Depot  
  43  5:33  SCV  
  45  5:36  Widow Mine  
  45  5:37  Widow Mine  
  45  5:42  Banshee  
  52  5:44  SCV, Combat Shield  
  52  5:45  Marine  
  54  6:02  Widow Mine x2  
  54  6:03  Marine  
  59  6:08  SCV x2  
  61  6:20  SCV x2  
  61  6:21  Marine  
  49  6:43  Widow Mine x2  
  49  6:45  Barracks Reactor, Medivac  
  55  7:03  Concussive Shells  
  55  7:38  Widow Mine x2  
  55  7:39  Marine x2  
  61  7:46  Command Center  
  61  7:48  Terran Infantry Weapons Level 1, Supply Depot  
  61  7:49  Supply Depot x2  
  61  7:51  Engineering Bay  
  61  7:52  Armory  
  61  7:56  SCV  
  62  7:59  Barracks, Missile Turret  
  62  8:00  Barracks  
  62  8:03  Terran Infantry Armor Level 1  
  62  8:08  Refinery  
  62  8:09  Refinery, SCV x2, Marine x2, Medivac  
  62  8:11  Marauder  
  70  8:18  Supply Depot  
  70  8:21  SCV x2  
  70  8:27  Marine x2  
  72  8:32  Marine  
  72  8:33  SCV  
  76  8:39  Medivac  
  76  8:44  Marine  
  76  8:45  Terran Vehicle Weapons Level 1  
  77  8:51  Marauder  
  77  9:12  Marauder  
  77  9:13  Orbital Command  
  73  9:17  Orbital Command  
  73  9:25  Widow Mine  
  73  9:27  Barracks Reactor, Barracks Tech Lab, Marine x2  
  77  9:33  Marauder  
  79  9:43  Widow Mine  
  79  9:45  Marine x2  
  82  9:47  Widow Mine, Marauder  
  87  9:55  Marauder  
  87  9:58  Planetary Fortress  
  89  10:03  Marine x2  
  89  10:04  Widow Mine  
  89  10:05  Medivac  
  95  10:08  Widow Mine  
  95  10:09  Marauder  
  99  10:15  Marine  
  99  10:21  SCV x2  
  102  10:31  Refinery  
  102  10:33  SCV x2  
  102  10:38  SCV  
  102  10:39  Refinery  
  102  10:42  Marauder x2, Marine x2  
  109  10:53  Terran Infantry Weapons Level 2  
  109  10:55  Terran Vehicle And Ship Armor Level 1  
  109  10:56  Supply Depot  
  109  10:57  Supply Depot  
  109  11:02  Factory  
  109  11:18  Widow Mine, SCV x2, Marauder, Marine x4  
  117  11:19  Widow Mine, SCV, Marauder, Supply Depot  
  117  11:22  Supply Depot  
  124  11:30  SCV  
  125  11:36  Missile Turret  
  125  11:40  Marine  
  125  11:41  SCV x2, Marauder x2  
  125  11:42  Missile Turret  
  125  11:43  Sensor Tower  
  125  11:44  Viking  
  134  11:48  Sensor Tower  
  134  11:50  Sensor Tower  
  134  12:02  Marauder x2  
  138  12:17  SCV  
  138  12:18  Terran Infantry Armor Level 2, SCV x2  
  141  12:23  Factory Tech Lab  
  141  12:34  Missile Turret  
  141  12:39  Command Center  
  141  12:43  Barracks  
  141  12:46  Barracks  
  141  13:16  Drilling Claws  
  141  13:20  Terran Infantry Weapons Level 3  
  141  13:30  Marauder  
  141  13:33  SCV, Marine  
  141  13:35  Supply Depot  
  141  13:36  Supply Depot x2  
  141  13:50  Marine x3  
  141  13:51  Widow Mine x2, SCV x3, Marauder, Siege Tank  
  156  13:57  Marauder  
  156  13:59  Supply Depot  
  156  14:00  Supply Depot  
  156  14:01  Marine  
  157  14:03  SCV x3  
  157  14:04  Barracks Reactor, Barracks Tech Lab  
  157  14:08  Marine x2  
  162  14:12  Widow Mine x2, Marauder  
  162  14:14  Supply Depot  
  162  14:15  Supply Depot  
  167  14:23  Siege Tank  
  170  14:35  Smart Servos  
  170  14:37  Widow Mine x2  
  170  14:38  Supply Depot  
  174  14:40  Marauder x3, Marine, Supply Depot  
  174  14:41  Marine x5  
  186  14:55  Siege Tank  
  186  14:58  Marine  
  186  14:59  Widow Mine x2, Marine x5  
  182  15:01  Marauder x2, Marine  
  134  15:16  Marine x4  
  134  15:19  Marauder, Medivac  
  142  15:23  Marauder x2  
  142  15:27  Siege Tank  
  148  15:30  Widow Mine x2  
  152  15:41  Marauder  
  154  15:44  Marauder, Planetary Fortress  
  154  15:46  SCV x3  
  154  15:49  Medivac  
  146  15:51  Widow Mine x2  
  146  15:53  Infernal Pre-Igniter  
  120  15:58  SCV x2  
  120  15:59  Siege Tank  
  122  16:12  Widow Mine  
  122  16:13  Widow Mine  
  107  16:18  Medivac  
  107  16:20  Marauder x3, Marine x3  
  107  16:21  Marine x3  
  96  16:31  Siege Tank  
  99  16:34  Widow Mine  
  99  16:38  Marine x5  
  106  16:41  Marauder  
  106  16:46  Marauder x2, Marine  
  111  16:48  Medivac  
  108  16:56  Marine x4  
  102  17:02  Marine  
  102  17:03  Marauder, Marine  
  102  17:07  Marauder x2  
Show
View Real Time Build Order
Export as new Build Order

wichy Zerg - Winner!

Build Orders: Hatch First 

Get SALT Encoding   

  12  0:00  Drone  
  13  0:13  Overlord  
  13  0:18  Drone  
  14  0:32  Drone x2  
  16  0:51  Hatchery  
  15  0:57  Drone  
  15  1:00  Drone  
  15  1:01  Drone  
  18  1:15  Extractor  
  18  1:17  Spawning Pool  
  16  1:20  Drone  
  16  1:23  Drone  
  18  1:30  Drone  
  19  1:41  Overlord  
  19  1:51  Drone  
  20  2:08  Drone x2  
  20  2:12  Queen x2  
  26  2:26  Hatchery  
  26  2:27  Drone  
  26  2:29  Drone  
  28  2:37  Zergling x4  
  28  2:44  Overlord  
  29  2:48  Metabolic Boost  
  29  3:01  Queen  
  31  3:07  Drone x3  
  31  3:08  Drone x2  
  31  3:11  Overlord  
  36  3:21  Overlord  
  36  3:30  Overlord  
  36  3:31  Drone x4  
  40  3:37  Lair  
  40  3:41  Drone x2  
  42  3:43  Drone  
  42  3:44  Drone  
  45  3:48  Drone  
  45  3:56  Extractor  
  45  3:57  Drone x3  
  45  3:58  Extractor  
  46  4:04  Zergling x4, Evolution Chamber  
  46  4:05  Zergling x2  
  46  4:08  Extractor  
  46  4:14  Zergling x10  
  46  4:15  Zergling x2  
  52  4:21  Zergling x6  
  52  4:29  Zergling x2  
  47  4:41  Zergling x12  
  47  4:43  Drone x2  
  51  4:51  Queen  
  53  4:54  Drone x3  
  56  5:03  Drone  
  56  5:04  Drone x2  
  56  5:05  Drone x3  
  62  5:09  Zerg Melee Weapons Level 1  
  62  5:19  Roach Warren  
  61  5:28  Roach Warren  
  61  5:29  Baneling Nest  
  61  5:30  Drone x3  
  61  5:31  Drone x2  
  61  5:33  Overlord  
  61  5:34  Overlord x2  
  61  5:35  Extractor  
  64  5:36  Overlord  
  64  5:47  Drone  
  64  5:48  Overlord  
  65  5:53  Drone  
  65  5:54  Drone  
  67  5:58  Drone x2  
  67  5:59  Drone  
  67  6:00  Hatchery  
  69  6:05  Drone x2  
  69  6:06  Drone  
  69  6:08  Drone x2  
  74  6:14  Drone  
  74  6:16  Glial Reconstitution  
  74  6:18  Roach x2  
  76  6:38  Drone x2  
  76  6:39  Drone x3  
  81  6:40  Roach x5  
  91  6:47  Hydralisk Den  
  91  6:48  Infestation Pit  
  91  6:50  Evolution Chamber  
  91  6:51  Drone x6  
  91  6:54  Extractor  
  89  7:01  Spore Crawler  
  89  7:03  Overseer  
  89  7:04  Queen  
  89  7:07  Spore Crawler  
  88  7:12  Spore Crawler  
  85  7:18  Drone x3  
  85  7:20  Drone  
  83  7:38  Drone x4  
  83  7:39  Drone x6  
  83  7:41  Spore Crawler, Overseer  
  92  7:45  Zerg Ground Armor Level 1  
  92  7:54  Extractor  
  92  7:56  Extractor, Drone  
  92  7:57  Drone x2  
  93  8:04  Drone x8  
  101  8:06  Drone  
  102  8:17  Drone x2  
  102  8:18  Drone x3  
  107  8:21  Drone x3  
  109  8:38  Grooved Spines  
  109  8:43  Drone x2  
  109  8:45  Hatchery  
  110  8:49  Centrifical Hooks, Zerg Melee Weapons Level 2  
  110  8:55  Overseer  
  110  9:00  Zergling x2  
  110  9:01  Zergling x2  
  112  9:04  Overlord  
  112  9:05  Overlord  
  102  9:23  Drone  
  103  9:24  Drone x2  
  103  9:25  Drone x2  
  103  9:31  Hydralisk x9, Overlord x4  
  125  9:47  Spine Crawler  
  125  9:48  Spine Crawler  
  125  9:50  Muscular Augments  
  123  9:52  Spine Crawler  
  123  9:53  Drone x9  
  123  9:57  Hydralisk  
  132  10:00  Zerg Ground Armor Level 2  
  132  10:08  Hydralisk x4  
  132  10:09  Hydralisk x5  
  132  10:11  Zergling x2  
  132  10:12  Baneling x7  
  132  10:13  Baneling x5  
  151  10:14  Hatchery  
  151  10:20  Extractor  
  149  10:25  Pneumatized Carapace  
  149  10:26  Burrow  
  149  10:27  Zergling x16  
  149  10:28  Zergling x4  
  159  10:48  Drone x7  
  166  10:51  Overlord x5  
  166  10:59  Infestation Pit  
  166  11:00  Spire  
  166  11:01  Pathogen Glands  
  166  11:02  Lurker Den  
  163  11:04  Zergling x6  
  163  11:06  Baneling x6  
  163  11:07  Baneling x2  
  163  11:10  Overlord  
  166  11:13  Overseer  
  166  11:18  Overlord x2  
  165  11:20  Zergling x2  
  166  11:27  Overlord x2  
  166  11:28  Overlord  
  166  11:29  Overlord  
  166  11:33  Extractor, Spore Crawler  
  166  11:35  Spine Crawler  
  166  11:38  Spine Crawler, Hydralisk x4  
  166  11:39  Hydralisk  
  170  11:41  Zergling x2  
  170  11:44  Drone x3  
  170  11:45  Drone  
  177  11:48  Drone x3  
  177  11:51  Drone x3  
  177  11:53  Drone x2  
  184  11:54  Drone  
  184  11:56  Drone x2  
  184  11:57  Drone  
  184  11:58  Neural Parasite, Overseer  
  188  12:15  Zergling x22  
  199  12:25  Hive  
  199  12:54  Overseer  
  199  13:07  Overseer  
  197  13:35  Hatchery  
  197  13:36  Spore Crawler  
  197  13:37  Spine Crawler  
  197  13:38  Spine Crawler  
  197  13:39  Extractor  
  182  13:42  Extractor  
  182  13:43  Drone x2  
  183  13:59  Zerg Melee Weapons Level 3  
  183  14:01  Zerg Ground Armor Level 3  
  183  14:02  Hatchery, Greater Spire  
  182  14:03  Seismic Spines  
  182  14:04  Hatchery  
  171  14:29  Hydralisk  
  171  14:30  Hydralisk x9  
  171  14:31  Zergling x18  
  193  14:34  Baneling  
  193  14:36  Baneling x9  
  193  14:37  Baneling x7  
  182  15:00  Adaptive Talons  
  170  15:08  Zergling x4  
  170  15:09  Zergling x38  
  172  15:24  Zergling x2  
  172  15:25  Zergling x12  
  172  15:26  Baneling  
  172  15:27  Baneling x10  
  172  15:28  Overlord  
  177  15:31  Overseer x4  
  177  15:35  Zergling x12  
  183  15:41  Ultralisk Cavern  
  182  15:44  Corruptor  
  182  15:45  Corruptor x6  
  184  16:02  Overseer  
  160  16:19  Zergling x2  
  160  16:20  Zergling x44  
  174  16:27  Brood Lord  
  162  16:41  Brood Lord x6  
  168  16:53  Baneling  
  149  17:01  Baneling x5  
  149  17:02  Baneling x3  
  149  17:03  Zergling x16  
  149  17:04  Zergling x22  
  178  17:25  Hatchery  
Tags
 
Add a new tag
Caveats
  • Supply blocks, unpowered buildings, or Contaminate may cause inaccurate times.
  • Supply counts are checked every 10 seconds.